 Dungeon Crawl Stone Soup version 0.30-a0-778-g2ef04afb54 (webtiles) character file.

Game seed: 13236125918654818220

169 sircluck the Ruffian (level 5, -15/52 HPs)
             Began as a Troll Fighter on Feb 15, 2023.
             Demolished by an ogre
             ... wielding a +0 giant club
              (20 damage)
             ... on level 4 of the Dungeon.
             The game lasted 00:02:36 (1353 turns).

sircluck the Ruffian (Troll Fighter)                Turns: 1353, Time: 00:02:37

Health: -15/52     AC:  4    Str: 26    XL:     5   Next: 25%
Magic:  4/4        EV:  9    Int:  4    God:
Gold:   117        SH:  8    Dex:  9    Spells: 4/4 levels left

rFire   . . .      SeeInvis .      - Unarmed
rCold   . . .      Faith    .    b - +0 kite shield
rNeg    . . .      Spirit   .    a - +0 robe
rPois   .          Reflect  .    (helmet restricted)
rElec   .          Harm     .    (no cloak)
rCorr   .          Rampage  .    (gloves unavailable)
Will    .....                    (boots unavailable)
Stlth   +                        (no amulet)
HPRegen 1.08/turn                (no ring)
MPRegen 0.09/turn                (no ring)

@: no status effects
A: large, unfitting armour, claws 3, regeneration 1, shaggy fur 1, tough skin 1
a: no special abilities


You were on level 4 of the Dungeon.
You visited 1 branch of the dungeon, and saw 4 of its levels.

You collected 117 gold pieces.

Inventory:

Missiles
 j - 30 stones (quivered)
Armour
 a - a +0 robe (worn)
 b - a +0 kite shield (worn)
Wands
 t - a wand of quicksilver (10)
Scrolls
 f - a scroll of silence {unknown}
 g - 3 scrolls of poison {unknown}
 h - 2 scrolls of identify {unknown}
 i - 4 scrolls of teleportation {unknown}
 l - 2 scrolls of fog {unknown}
 m - a scroll of fear {unknown}
 p - a scroll of blinking {unknown}
 q - a scroll of enchant armour {unknown}
 s - a scroll of immolation {unknown}
Potions
 c - a potion of might
 d - 3 potions of curing {unknown}
 e - a potion of flight {unknown}
 k - 2 potions of haste {unknown}
 n - a potion of degeneration {unknown}
 o - a potion of berserk rage {unknown}
 r - a potion of heal wounds {unknown}
 u - a potion of invisibility {unknown}


   Skills:
 + Level 2.8 Fighting
 + Level 3.1 Dodging
 + Level 0.1 Stealth
 + Level 3.5 Shields
 + Level 3.6 Unarmed Combat


You had 4 spell levels left.
You didn't know any spells.
Your spell library contained the following spells:

 Spells                   Type           Power      Damage    Failure   Level
 Ignite Poison            Fire/Tmut/Pois 0%         N/A       99%         3
 Kindle Blastsparks       Fire/Tloc/Air  0%         2d10      99%         3
 Freezing Cloud           Conj/Ice/Air   0%         6-21      100%        5


Dungeon Overview and Level Annotations

Branches:
Dungeon (4/15)
 Temple: D:4-7

Altars:


Innate Abilities, Weirdness & Mutations

You are too large for most types of armour.
You have claws for hands.
Your natural rate of healing is unusually fast.
You are covered in fur. (AC +1)
You have tough skin. (AC +1)


Message History

You scratch the ogre.
The ogre is lightly wounded.
You block the ogre's attack.
You completely miss the ogre.
The ogre is lightly wounded.
The ogre closely misses you.
You barely miss the ogre.
The ogre is lightly wounded.
You scratch the ogre.
The ogre is lightly wounded.
The ogre barely misses you.
You closely miss the ogre.
The ogre is lightly wounded.
The ogre hits you with a +0 giant club! The iguana bites you.
You scratch the ogre but do no damage.
The ogre is lightly wounded.
The iguana barely misses you. The endoplasm barely misses you.
You mangle the ogre!!
The ogre is almost dead.
The ogre hits you with a +0 giant club! The iguana bites you!
* * * LOW HITPOINT WARNING * * *
The endoplasm freezes you.
You are frozen.
* * * LOW HITPOINT WARNING * * *
You are too injured to fight recklessly!
You are too injured to fight recklessly!
You are too injured to fight recklessly!
You are too injured to fight recklessly!
You are too injured to fight recklessly!
You are too injured to fight recklessly!
You are too injured to fight recklessly!
You are too injured to fight recklessly!
The endoplasm freezes you.
You are frozen.
* * * LOW HITPOINT WARNING * * *
The iguana bites you.
* * * LOW HITPOINT WARNING * * *
The ogre attacks as you move away!
The ogre hits you with a +0 giant club!!
You die...

.... #......
###.......
####.........
###..<.........
###..............
#................
#................
#......./@.......
........JOl......
.................
#.........$......
#.............>..
#.......[........
##.$...........##
#.............#
###.<.[......#


You could see an ogre, an iguana and an endoplasm.

Vanquished Creatures
  Ijyb (D:3)
  4 gnolls (D:2)
  3 adders (D:3)
  2 worms (D:2)
  4 dart slugs (D:1)
  An orc (D:3)
  A ball python (D:2)
  7 bats
  7 endoplasms
  3 giant cockroaches
  5 goblins
  4 hobgoblins
  6 jackals (D:1)
  5 kobolds (D:1)
  2 quokkas
  4 frilled lizards
  6 rats (D:1)
65 creatures vanquished.

Notes
Turn   | Place    | Note
-------+----------+-------------------------------------------
     0 | D:1      | sircluck the Troll Fighter began the quest for the Orb.
     0 | D:1      | Reached XP level 1. HP: 22/22 MP: 0/0
    59 | D:1      | Reached XP level 2. HP: 29/29 MP: 1/1
   191 | D:1      | Reached XP level 3. HP: 36/36 MP: 2/2
   772 | D:2      | Reached XP level 4. HP: 32/44 MP: 3/3
  1231 | D:3      | Noticed Ijyb
  1243 | D:3      | Killed Ijyb
  1244 | D:3      | Reached XP level 5. HP: 27/52 MP: 4/4
  1339 | D:4      | Noticed an ogre
  1353 | D:4      | Demolished by an ogre

Illustrated notes

Levels and vault maps discovered:
D:1:      reono_arrival_mine, layout_basic
D:2:      layout_loops_ring, minmay_misc_feat_alley, minmay_diced_spiral
D:3:      layout_rooms, uniq_ijyb
D:4:      layout_cave_pods, skrybe_limestone_x, grunt_ministairs_15

Skill      XL: |  1  2  3  4 |
---------------+-------------+-----
Shields        | 3 |  3.5
Unarmed Combat | 3 |  3.6
Dodging        | 3 |  3.1
Fighting       | |  2.8
Stealth        | |  0.1

Action                     |  1- 3 |  4- 6 || total
---------------------------+-------+-------++-------
  Melee: Unarmed           |    77 |    89 ||   166
 Armour: Robe              |    26 |    15 ||    41
  Dodge: Dodged            |    24 |    34 ||    58
  Block: Kite shield       |    24 |    38 ||    62

Table legend: (Time is in decaauts)
 A = Elapsed time spent in this place.
 B = Non-inter-level travel time spent in this place.
 C = Inter-level travel time spent in this place.
 D = Time resting spent in this place.
 E = Time spent auto-exploring this place.
 F = Levels seen in this place.
 G = Mean time per level.
                   A        B        C        D        E       F      G
               +--------+--------+--------+--------+--------+-----+--------+
         Total |   1366 |   1334 |     32 |      0 |    825 |   4 |  341.5 |
       Dungeon |   1366 |   1334 |     32 |      0 |    825 |   4 |  341.5 |
               +--------+--------+--------+--------+--------+-----+--------+

Top non-repeatable levels by time:
     D:1: 752 daAuts
     D:2: 339 daAuts
     D:3: 258 daAuts
     D:4: 16 daAuts
